 Dungeon Crawl Stone Soup version 0.26.1-2-gb8aa6d0cf2 (webtiles) character file.

Game seed: 4608109335408111322

434 kreisler the Covert (level 7, -4/46 HPs)
             Began as an Octopode Brigand on Feb 11, 2021.
             Slain by a worker ant (5 damage)
             ... on level 4 of the Dungeon on Feb 12, 2021.
             The game lasted 00:13:51 (3947 turns).

kreisler the Covert (Octopode Brigand)              Turns: 3947, Time: 00:13:52

Health: -4/46      AC:  1    Str: 10    XL:     7   Next: 0%
Magic:  7/7        EV: 14    Int: 13    God:
Gold:   213        SH:  0    Dex: 16    Spells: 6/6 levels left

rFire    . . .     SeeInvis .   a - +3 dagger
rCold    . . .     Faith    .   (no shield)
rNeg     . . .     Spirit   .   (helmet restricted)
rPois    .         Reflect  .   g - amulet of the acrobat
rElec    .         Harm     .   (no ring)
rCorr    .         Rampage  .   (no ring)
Will     .....                  (no ring)
Stlth    +++++.....             (no ring)
HPRegen  0.15/turn              (no ring)
MPRegen  0.10/turn              (no ring)
                                (no ring)
                                (no ring)

@: lethally poisoned (-4 -> -7), about to teleport
A: almost no armour, stealthy swim, amphibious, 8 rings, constrict 8, camouflage
1, gelatinous body 1
a: no special abilities


You were on level 4 of the Dungeon.
You visited 1 branch of the dungeon, and saw 4 of its levels.

You collected 213 gold pieces.

Inventory:

Hand Weapons
 a - a +3 dagger (weapon)
Missiles
 b - 8 poisoned darts (quivered)
 c - 2 curare-tipped darts
Jewellery
 d - an uncursed amulet of magic regeneration
 g - an amulet of the acrobat (around mantle)
Scrolls
 f - 2 scrolls of teleportation
 h - a scroll of fog {unknown}
 k - a scroll of remove curse
 l - a scroll of immolation
 n - a scroll of identify


   Skills:
 + Level 3.1 Fighting
 + Level 3.8 Short Blades
 + Level 2.3 Throwing
 + Level 2.1 Dodging
 + Level 8.9 Stealth


You had 6 spell levels left.
You didn't know any spells.
Your spell library was empty.

Dungeon Overview and Level Annotations

Branches:
Dungeon (4/15)
 Temple: D:4-7

Altars:
Qazlal
Ru
Vehumet
Yredelemnul


Innate Abilities, Weirdness & Mutations

You cannot wear most types of armour.
You are very stealthy in the water. (Stealth+)
You are amphibious.
You can wear up to eight rings at the same time.
You can use your tentacles to constrict eight enemies at once.
Your skin changes colour to match your surroundings (Stealth+).
Your rubbery body absorbs attacks. (AC +1, EV +1)


Message History

You are poisoned.
The worker ant poisons you! Something hits you.
You hit the worker ant. Your grab misses the worker ant.
The worker ant is heavily wounded.
You feel sick. The worker ant closely misses you.
You hit the worker ant but do no damage.
You grab the worker ant. You squeeze the worker ant.
The worker ant is severely wounded.
You constrict the worker ant. Something hits you.
* * * LOW HITPOINT WARNING * * *
The worker ant bites you.
* * * LOW HITPOINT WARNING * * *
As you read the scroll of teleportation, it crumbles to dust.
You feel strangely unstable.
You constrict the worker ant.
You feel sick.
You hear some strange, mumbled words.
A puff of flame appears from out of thin air!
The puff of flame hits you!
* * * LOW HITPOINT WARNING * * *
The worker ant bites you.
You die...

.#...............................
.#...........<...................
.#......>........................
.#.....##...###+##..###...###....
#########...##..##>.###...#######
###....##...#....................
.#..........#....................
.'..........#....................
.#..........#...@)...............
####'####...#..)B{...............
###....##...#....................
............#....................
.......##...###..)..####...#####'
.......## .. #.....#####+###....
.......... ..............#.....
........... ...............#.....
...........................#..)..


You could see a worker ant.

Vanquished Creatures
  An ogre (D:4)
  An orc priest (D:3)
  A hound (D:4)
  5 orc wizards
  3 gnolls (D:3)
  4 adders
  3 worms (D:2)
  A dart slug (D:2)
  5 leopard geckos
  7 orcs
  9 bats
  2 giant cockroaches
  5 goblins
  4 hobgoblins
  4 jackals (D:3)
  3 quokkas
  2 ball pythons
  9 frilled lizards
  5 kobolds
  5 rats
79 creatures vanquished.

Vanquished Creatures (others)
  A hobgoblin (D:1)
  4 plants (D:3)
5 creatures vanquished.

Grand Total: 84 creatures vanquished

Notes
Turn   | Place    | Note
-------+----------+-------------------------------------------
     0 | D:1      | kreisler the Octopode Brigand began the quest for the Orb.
     0 | D:1      | Reached XP level 1. HP: 14/14 MP: 1/1
   285 | D:1      | Reached XP level 2. HP: 10/19 MP: 2/2
   679 | D:1      | Reached skill level 6 in Stealth
  1089 | D:1      | Reached XP level 3. HP: 24/24 MP: 3/3
  1682 | D:2      | Found a radiant altar of Vehumet.
  1697 | D:2      | Reached XP level 4. HP: 23/30 MP: 4/4
  1986 | D:2      | You fall into a shaft and drop 1 floor!
  2045 | D:3      | Reached skill level 7 in Stealth
  2081 | D:3      | Reached XP level 5. HP: 27/35 MP: 5/5
  2516 | D:3      | Found a stormy altar of Qazlal.
  2525 | D:3      | Found a basalt altar of Yredelemnul.
  3215 | D:3      | Reached skill level 8 in Stealth
  3215 | D:3      | Reached XP level 6. HP: 29/41 MP: 6/6
  3436 | D:4      | Found a sacrificial altar of Ru.
  3943 | D:4      | Reached XP level 7. HP: 35/46 MP: 7/7
  3947 | D:4      | HP: 1/46 [something/puff of flame (8)]
  3947 | D:4      | Slain by a worker ant

Illustrated notes

Levels and vault maps discovered:
D:1:      sevenhm_arrival_forest_fort_large_4, layout_basic, minivault_26,
          lemuel_old_faithful
D:2:      layout_basic, fiery_altar_vehumet, grunt_decor_arrowhead
D:3:      cheibrodos_old_hovel, layout_basic,
          chequers_temple_overflow_statue_of_worship, grunt_ministairs_10
D:4:      layout_gridville, minivault_1, nicolae_ru_awakened_eye

Skill      XL: |  1  2  3  4  5  6 |
---------------+-------------------+-----
Stealth        | 6 7 8 |  8.9
Short Blades   | 3 |  3.8
Fighting       | 3 |  3.1
Dodging        | 2 |  2.1
Throwing       | |  2.3

Action                   |  1- 3 |  4- 6 |  7- 9 || total
-------------------------+-------+-------+-------++-------
Melee: Dagger            |    53 |   103 |     4 ||   160
       Constrict         |     7 |    21 |     2 ||    30
       Tentacles         |     9 |    21 |     1 ||    31
Throw: Dart              |       |     6 |       ||     6
  Use: Scroll            |     2 |     8 |     1 ||    11
       Potion            |     1 |     3 |       ||     4
 Stab: Sleeping          |    15 |    19 |       ||    34
Armor: Skin              |     5 |     2 |       ||     7
Dodge: Dodged            |    20 |    66 |     1 ||    87
